[Event "*** Titled Tuesday Blitz"]
[Site "Chess.com"]
[Date "2018.08.07"]
[Round "5"]
[White "Abrito99"]
[Black "murmah2003"]
[Result "1-0"]
[WhiteElo "2506"]
[BlackElo "2557"]
[TimeControl "180+2"]
[EndTime "14:02:25 PDT"]
[Termination "Abrito99 won by resignation"]

1. e4 c5 2. Nf3 d6 3. d4 cxd4 4.
Nxd4 Nf6 5. Nc3 a6 6. f3 e5 7.
Nb3 Be6 8. Be3 Be7 9. Qd2 O-O 10.
O-O-O a5 11. a4 Na6 12. Kb1 Nb4 13. g4 d5 14. g5 Nxe4 15. fxe4 d4 16. Nxd4 exd4 17.
Bxd4 Bxg5 18. Qf2 Qc7 19. Rg1 f6 20. h4 Bh6 21. Nd5 Nxd5 22. exd5 Bxd5 23. Qf5 Qf7 24. Bd3 g6 25. h5 g5 26. Bxf6 Be6 27. Rxg5+ 1-0

[Event "*** Titled Tuesday Blitz"]
[Site "Chess.com"]
[Date "2018.08.07"]
[Round "5"]
[White "Zhuu96"]
[Black "ftorodent"]
[Result "1-0"]
[WhiteElo "2832"]
[BlackElo "2527"]
[TimeControl "180+2"]
[EndTime "14:02:27 PDT"]
[Termination "Zhuu96 won by resignation"]

1. e4 e6 2. d4 d5 3. Nc3 Bb4 4. e5 Qd7 5. a3 Bxc3+ 6. bxc3 b6 7. Qg4 f5 8. Qg3 Ba6 9. Ne2 Qf7 10. h4 Ne7 11. h5 Nbc6 12. Nf4 Bxf1 13. Kxf1 Na5 14.
a4 Nc4 15. Ba3 Nc6 16. Qh4 Kd7 17. Rh3 Rhg8 18. Bc1 Rae8 19. Nd3 Kc8 20. Rb1 Qd7 21. Kg1 N6a5 22. Ra1 Nc6 23. Qg5 Qe7 24. Qg3 Qf7 25. Qf3 Qe7 26. Nf4 Qd7 27. Rg3 Re7 28.
h6 g6 29. Nh5 Rf8 30. Nf6 Qd8 31. Bg5 Rh8 32. Re1 Qf8 33. Nxd5 exd5 34. Qxd5 N4a5 35.
Qb5 Kb7 36. Rge3 f4 37. Rf3 Rg7 38. hxg7 1-0

[Event "*** Titled Tuesday Blitz"]
[Site "Chess.com"]
[Date "2018.08.07"]
[Round "5"]
[White "Alexander_Moskalenko"]
[Black "GMHess"]
[Result "1-0"]
[WhiteElo "2824"]
[BlackElo "2619"]
[TimeControl "180+2"]
[EndTime "14:02:41 PDT"]
[Termination "Alexander_Moskalenko won by checkmate"]

1. Nf3 g6 2. d4 Bg7 3. Bg5 c6 4. Nbd2 Nf6 5. e3 O-O 6. Bd3 d5 7. c3 Nbd7 8. O-O h6 9. Bh4 g5 10. Bg3 Nh5 11. Nxg5 Nxg3 12. Bh7+ Kh8 13. fxg3 Bf6 14.
h4 e6 15. Bc2 Bxg5 16. hxg5 Qxg5 17. e4 Nf6 18. Rf4 Nh5 19. Nf3 Qxg3 20. Rh4 Rg8 21. Qd2 Qxf3 22. Qxh6# 1-0

[Event "*** Titled Tuesday Blitz"]
[Site "Chess.com"]
[Date "2018.08.07"]
[Round "5"]
[White "orrbaverlekszarnyon"]
[Black "BjarkeSahl"]
[Result "1/2-1/2"]
[WhiteElo "2294"]
[BlackElo "2224"]
[TimeControl "180+2"]
[EndTime "14:02:47 PDT"]
[Termination "Game drawn by repetition"]

1. e4 c6 2. d4 d5 3. exd5 cxd5 4. c4 e6 5. Nc3 Nf6 6. Nf3 Nc6 7. Bd3 dxc4 8.
Bxc4 Be7 9. O-O O-O 10. Re1 b6 11. d5 Na5 12. Bb5 exd5 13. Bg5 Bg4 14. Rxe7 Qxe7 15.
Nxd5 Qc5 16. Bxf6 Qxb5 17. Qd4 h5 18. Bxg7 Rfd8 19. Bh6 f6 20. Qxf6 Rd7 21. Qg6+ Kh8 22. Qf6+ Kg8 23. Qg6+ Kh8 24. Qf6+ Kg8 1/2-1/2

[Event "*** Titled Tuesday Blitz"]
[Site "Chess.com"]
[Date "2018.08.07"]
[Round "5"]
[White "DACF2905"]
[Black "Morshynska"]
[Result "0-1"]
[WhiteElo "2098"]
[BlackElo "2135"]
[TimeControl "180+2"]
[EndTime "14:02:57 PDT"]
[Termination "Morshynska won by resignation"]

1. e4 e5 2. Nf3 Nc6 3. Bb5 a6 4. Ba4 Nf6 5. d3 d6 6. O-O Bd7 7. Re1 g6 8. c3 Bg7 9. Nbd2 O-O 10. Nf1 h6 11. h3 Qe8 12. Bc2 Kh7 13. Ng3 Ng8 14.
d4 Rd8 15. Be3 Kh8 16. Qd2 f5 17. exf5 gxf5 18. Nh5 Qxh5 19. dxe5 dxe5 20. Qd5 Bc8 21. Qb3 e4 22. Bc5 exf3 23. Bxf8 Rxf8 24. Qd5 fxg2 25. Qxg2 Ne5 26. Bd1 Qg6 27. f4 Qxg2+ 28. Kxg2 Nd3 29.
Re2 Nxf4+ 30. Kf3 Nxe2 31. Bxe2 Be6 32. c4 Nf6 33. Rd1 Ne4 34. b3 Nc3 0-1

[Event "*** Titled Tuesday Blitz"]
[Site "Chess.com"]
[Date "2018.08.07"]
[Round "5"]
[White "LastHeroJr"]
[Black "NikolaGry"]
[Result "1-0"]
[WhiteElo "2513"]
[BlackElo "2513"]
[TimeControl "180+2"]
[EndTime "14:02:59 PDT"]
[Termination "LastHeroJr won on time"]

1. e4 d5 2. exd5 Nf6 3. d4 Nxd5 4. c4 Nb6 5. Nf3 g6 6. c5 Nd5 7. Bc4 Bg7 8. Qb3 c6 9. Nc3 O-O 10. O-O Nxc3 11. bxc3 b5 12. cxb6 axb6 13. Bg5 Ba6 14. Rfe1 Bxc4 15. Qxc4 Re8 16. a4 Ra5 17. Rab1 h6 18. Bh4 Qd5 19. Qb4 e6 20. c4 Qd7 21.
c5 Na6 22. Qd2 Rxa4 23. cxb6 g5 24. Bg3 g4 25. Ne5 Qd5 26. Nxg4 Rxd4 27. Qe2 Nb8 28. Be5 1-0

[Event "*** Titled Tuesday Blitz"]
[Site "Chess.com"]
[Date "2018.08.07"]
[Round "5"]
[White "francogreek"]
[Black "Marcan2b"]
[Result "0-1"]
[WhiteElo "2408"]
[BlackElo "2316"]
[TimeControl "180+2"]
[EndTime "14:03:02 PDT"]
[Termination "Marcan2b won by resignation"]

1. e4 c5 2. a3 g6 3. h4 Nc6 4. h5 Bg7 5. Nc3 d6 6. Bb5 Bd7 7. d3 a6 8. Bc4 b5 9. Ba2 b4 10. Nd5 e6 11. Ne3 bxa3 12. c3 axb2 13. Bxb2 Rb8 14. Qe2 g5 15. Nc4 Bc8 16. Nf3 h6 17.
O-O Nge7 18. d4 cxd4 19. cxd4 d5 20. exd5 exd5 21. Nce5 O-O 22. Ba3 g4 23. Ne1 Nxd4 24. Qe3 Nef5 25. Qf4 Ne2+ 0-1

[Event "*** Titled Tuesday Blitz"]
[Site "Chess.com"]
[Date "2018.08.07"]
[Round "5"]
[White "dmosesov"]
[Black "NemtsevIgor"]
[Result "1-0"]
[WhiteElo "2261"]
[BlackElo "2371"]
[TimeControl "180+2"]
[EndTime "14:03:03 PDT"]
[Termination "dmosesov won by resignation"]

1. e4 c6 2. d4 d5 3. e5 c5 4. dxc5 Nc6 5. Bb5 e6 6. Be3 Ne7 7. c3 Bd7 8. Nf3 Nxe5 9. Nxe5 Bxb5 10. c4 Bxc4 11. Qa4+ Nc6 12. Nxc6 bxc6 13. Qxc6+ Ke7 14. Nd2 Qc8 15. Qxc8 Rxc8 16. Nxc4 dxc4 17. Rc1 e5 18. Rxc4 Ke6 19. Ke2 f5 20. f3 Be7 21. Rd1 f4 22. Bf2 g5 23. b4 a6 24. a4 Rb8 25. Re4 Rhc8 26. Rc4 h5 27. Rb1 g4 28. b5 Kd5 29.
Rc2 axb5 30. axb5 Bxc5 31. Bxc5 Rxc5 32. Rd1+ Ke6 33. Rxc5 1-0

[Event "*** Titled Tuesday Blitz"]
[Site "Chess.com"]
[Date "2018.08.07"]
[Round "5"]
[White "Parhamov"]
[Black "SantoBlue"]
[Result "1-0"]
[WhiteElo "2762"]
[BlackElo "2659"]
[TimeControl "180+2"]
[EndTime "14:03:09 PDT"]
[Termination "Parhamov won by resignation"]

1. g4 c5 2. c4 Nc6 3. Bg2 g6 4. d3 Bg7 5. Nc3 d6 6. h3 Nf6 7. e3 a6 8. Nge2 Rb8 9. Rb1 Bd7 10. b3 b5 11. Bb2 Qc8 12. Ng3 h5 13. g5 Nh7 14. h4 O-O 15. Qd2 Ne5 16. O-O Bh3 17. f4 Bxg2 18. Kxg2 Ng4 19. Nd5 Qd7 20. Bxg7 Kxg7 21. e4 e6 22. Ne3 Nxe3+ 23. Qxe3 Rfe8 24. Qd2 d5 25. cxd5 exd5 26. Qc3+ Kg8 27. f5 dxe4 28. dxe4 Rbc8 29. Rbd1 Qc6 30. Qf3 Rc7 31. Rd5 c4 32. b4 c3 33. Rc5 Qd7 34. Qxc3 Rxc5 35. bxc5 Qc6 36. Qd4 Rc8 37. Rd1 Nf8 38. Rc1 a5 39. Qd5 b4 40. fxg6 Nxg6 41. Nxh5 a4 42. Qxc6 Rxc6 43. Nf6+ Kg7 44. h5 Nf4+ 45. Kf3 Nd3 46. Rd1 Rxc5 47. h6+ Kg6 48. Rxd3 Rxg5 49. h7 1-0

[Event "*** Titled Tuesday Blitz"]
[Site "Chess.com"]
[Date "2018.08.07"]
[Round "5"]
[White "Korchmar_Vasiliy"]
[Black "Alliswell998"]
[Result "1-0"]
[WhiteElo "2615"]
[BlackElo "2427"]
[TimeControl "180+2"]
[EndTime "14:03:16 PDT"]
[Termination "Korchmar_Vasiliy won by checkmate"]

1. d4 Nf6 2. Nf3 c5 3. d5 b5 4.
Bg5 Qb6 5. e3 a6 6. a4 Bb7 7.
Bxf6 gxf6 8. Nc3 b4 9. Ne4 d6 10. a5 Qc7 11. Bc4 Nd7 12. O-O h5 13. c3 bxc3 14. bxc3 h4 15. h3 Bg7 16. Qe2 f5 17. Neg5 Bxc3 18. Rab1 Bf6 19. e4 f4 20. Rb3 Rg8 21. Rfb1 Ra7 22. Nh7 Bd4 23. Nxd4 cxd4 24. Qb2 Nc5 25. Qxd4 Nxb3 26. Qxa7 Nc5 27. Bxa6 Rg7 28.
Bxb7 Nxb7 29. a6 Qc2 30. Qb8+ Nd8 31. Qb5+ Nc6 32. Qxc6+ Kd8 33. Rb8# 1-0

[Event "*** Titled Tuesday Blitz"]
[Site "Chess.com"]
[Date "2018.08.07"]
[Round "5"]
[White "SergeiAza"]
[Black "pKiLz5Rn9b"]
[Result "1-0"]
[WhiteElo "2707"]
[BlackElo "2696"]
[TimeControl "180+2"]
[EndTime "14:03:19 PDT"]
[Termination "SergeiAza won by resignation"]

1. e4 c5 2. Nf3 d6 3. d4 cxd4 4. Nxd4 Nf6 5. Nc3 a6 6. Bg5 Nbd7 7. f4 h6 8. Bh4 g6 9. Be2 Qc7 10. O-O b5 11. Bf3 e5 12. Kh1 Bb7 13. fxe5 dxe5 14.
Nd5 Nxd5 15. exd5 Bd6 16. Ne6 Qc4 17. Bg4 Rg8 18. Qf3 f5 19. Bxf5 Qxd5 20. Bxg6+ 1-0

[Event "*** Titled Tuesday Blitz"]
[Site "Chess.com"]
[Date "2018.08.07"]
[Round "5"]
[White "MaxLeto"]
[Black "josiwales"]
[Result "0-1"]
[WhiteElo "2397"]
[BlackElo "2525"]
[TimeControl "180+2"]
[EndTime "14:03:26 PDT"]
[Termination "josiwales won on time"]

1. d4 d5 2. Bf4 Nf6 3. e3 c5 4. c3 Nc6 5. Nd2 Bf5 6. Ngf3 Qb6 7. Qb3 c4 8. Qxb6 axb6 9. a3 e6 10. Rc1 Ra5 11. Nh4 Rb5 12. Nxf5 exf5 13. Rc2 Ne4 14. f3 Nxd2 15. Kxd2 Kd7 16. e4 fxe4 17.
fxe4 Na5 18. Ke3 dxe4 19. Kxe4 Bd6 20. Bxd6 Kxd6 21. g4 h5 22. Be2 hxg4 23. Kf4 f5 24. Bf1 Rh5 25. Re2 g5+ 26. Kg3 Nc6 27. Rf2 Rh4 28.
Bxc4 f4+ 29. Rxf4 Rxb2 30. Rf6+ Kc7 31. Rf7+ Kb8 32. Be6 Rc2 33. Rf8+ Ka7 0-1

[Event "*** Titled Tuesday Blitz"]
[Site "Chess.com"]
[Date "2018.08.07"]
[Round "5"]
[White "vpantev"]
[Black "gkchesstiger"]
[Result "1/2-1/2"]
[WhiteElo "2526"]
[BlackElo "2767"]
[TimeControl "180+2"]
[EndTime "14:03:49 PDT"]
[Termination "Game drawn by agreement"]

1. d4 Nf6 2. Nf3 g6 3. Bf4 Bg7 4. e3 O-O 5. Be2 c5 6. c3 Qb6 7. Qb3 d6 8. Nbd2 Be6 9. Bc4 Bxc4 10. Nxc4 Qc6 11. a4 b6 12. O-O Nbd7 13. Rfd1 Rab8 14. Qb5 Qb7 15. Qb3 a6 16. h3 b5 17. axb5 axb5 18.
Ncd2 h6 19. Bg3 cxd4 20. cxd4 Rfc8 21. Rdc1 g5 22. Qd3 Nd5 23. e4 Nb4 24. Qb3 Nc6 25. Qd3 Qb6 26. Nb3 Ra8 27. Rxa8 Rxa8 28. Rd1 Ra4 29. d5 Nce5 30. Bxe5 Nxe5 31. Nxe5 Bxe5 32. Rd2 Rc4 33. g3 Qa6 34. Kg2 Qa4 35. Re2 Qb4 36.
h4 Kg7 37. hxg5 hxg5 38. Qe3 Bf6 39. Qd3 Rc8 40. f4 Qc4 41. Qxc4 bxc4 42. Na5 c3 43. bxc3 Bxc3 44. Nc6 e6 45. Rc2 Bf6 46. dxe6 fxe6 47.
Nd4 Rxc2+ 48. Nxc2 gxf4 49. gxf4 Bc3 50. Kf3 Kf6 51. Ne3 Bd4 52. Ng4+ Kg6 53. Nh2 1/2-1/2

[Event "*** Titled Tuesday Blitz"]
[Site "Chess.com"]
[Date "2018.08.07"]
[Round "5"]
[White "guillembaches"]
[Black "Stormeman100100"]
[Result "1/2-1/2"]
[WhiteElo "2241"]
[BlackElo "2135"]
[TimeControl "180+2"]
[EndTime "14:03:57 PDT"]
[Termination "Game drawn by repetition"]

1. d4 Nf6 2. Bf4 d5 3. e3 c5 4. c3 Nc6 5. Nd2 Bf5 6. Ngf3 e6 7. Be2 Be7 8. O-O O-O 9. Ne5 Qb6 10. b3 Rac8 11. h3 cxd4 12. cxd4 Nb4 13. Ndf3 Nc2 14. Rc1 Ba3 15. Rb1 Nb4 16. Nd3 Nxa2 17. Ra1 Nc3 18. Qd2 Nxe2+ 19. Qxe2 Rc3 20. Nfe5 Rxb3 21. Nc5 Bxc5 22.
dxc5 Qxc5 23. g4 Qc2 24. Qxc2 Bxc2 25. Rxa7 Ne4 26. Rc1 Bd3 27. Rc7 f6 28. Nc6 Rb1+ 29. Kg2 Rb2 30. Raxb7 Rxf2+ 31. Kg1 Rf1+ 32. Kg2 Rf2+ 33.
Kg1 Rf1+ 34. Kg2 Rf2+ 35. Kg1 Rf1+ 1/2-1/2

[Event "*** Titled Tuesday Blitz"]
[Site "Chess.com"]
[Date "2018.08.07"]
[Round "5"]
[White "Supernotar"]
[Black "Passacaglia23"]
[Result "1-0"]
[WhiteElo "2471"]
[BlackElo "2269"]
[TimeControl "180+2"]
[EndTime "14:03:58 PDT"]
[Termination "Supernotar won by checkmate"]

1. d4 d5 2. c4 c6 3. e3 Nf6 4.
Bd3 e6 5. Nf3 Nbd7 6. Nbd2 Bd6 7.
O-O O-O 8. e4 dxe4 9. Nxe4 Nxe4 10. Bxe4 Nf6 11. Bc2 h6 12. b3 b6 13. Bb2 Bb7 14.
Qd3 Re8 15. Rad1 Bf8 16. d5 e5 17. Nxe5 cxd5 18. cxd5 Qxd5 19. Qg3 Qe6 20. Rde1 Bd6 21.
Qd3 Rad8 22. Qb5 a6 23. Qxb6 Qd5 24. Nf3 Bxh2+ 25. Kxh2 Rxe1 26. Rxe1 Ng4+ 27. Kg1 Rd6 28. Re8# 1-0

[Event "*** Titled Tuesday Blitz"]
[Site "Chess.com"]
[Date "2018.08.07"]
[Round "5"]
[White "BillForster"]
[Black "FearNoEvil12"]
[Result "0-1"]
[WhiteElo "1632"]
[BlackElo "1944"]
[TimeControl "180+2"]
[EndTime "14:03:59 PDT"]
[Termination "FearNoEvil12 won by resignation"]

1. d4 b5 2. e4 a6 3. f4 Bb7 4.
Bd3 e6 5. Nf3 c5 6. c3 Nf6 7. Qe2 Qb6 8. Be3 Bxe4 9. dxc5 Bxd3 10. cxb6 Bxe2 11. Kxe2 Nc6 12. a4 b4 13. a5 Nd5 14.
cxb4 Bxb4 15. Nbd2 Nxe3 16. Kxe3 Bxa5 17. Nc4 Bb4 18. b7 Rb8 19. Rxa6 Ke7 20. Nce5 Nxe5 21.
Nxe5 Rxb7 22. Rd1 f6 23. Nc4 Rc8 24. Nd6 Bxd6 25. Raxd6 Rc2 26. R6d2 Rb3+ 27. Ke2 Rbxb2 28. Rxc2 Rxc2+ 29. Kf3 d5 30. Rb1 Rc7 31. Ke3 h6 32. g3 Kd6 33. Kd4 e5+ 34. fxe5+ fxe5+ 35. Kd3 e4+ 36. Ke3 Ke5 37. Rf1 d4+ 38. Kd2 e3+ 39. Kd3 Rc3+ 40.
Ke2 Rc2+ 41. Kd3 Rd2+ 42. Kc4 e2 43. Re1 Ke4 44. Kb3 d3 45. Kc3 Rc2+ 46. Kb3 Ke3 0-1

[Event "*** Titled Tuesday Blitz"]
[Site "Chess.com"]
[Date "2018.08.07"]
[Round "5"]
[White "aa175"]
[Black "Mimsychess"]
[Result "0-1"]
[WhiteElo "1920"]
[BlackElo "2269"]
[TimeControl "180+2"]
[EndTime "14:03:59 PDT"]
[Termination "Mimsychess won on time"]

1. e4 c6 2. c4 d5 3. cxd5 cxd5 4. e5 Nc6 5. d4 Bf5 6. Nc3 e6 7. Nf3 h6 8. Bb5 Ne7 9. Qa4 a6 10. Be2 Nc8 11. b4 Bxb4 12. Bd2 O-O 13. O-O Nb6 14.
Qb3 Rc8 15. a3 Ba5 16. Rfc1 Nc4 17. Be1 b5 18. Qd1 Bb6 19. a4 b4 20. Na2 a5 21.
Rab1 Bxb1 22. Rxb1 f6 23. Bd3 fxe5 24. dxe5 N6xe5 25. Be2 Qf6 26. Nxe5 Bxf2+ 27. Bxf2 Qxf2+ 28. Kh1 Nxe5 29. Bd3 Rf4 30. Bf1 Rcf8 0-1

[Event "*** Titled Tuesday Blitz"]
[Site "Chess.com"]
[Date "2018.08.07"]
[Round "5"]
[White "jposthuma"]
[Black "dereito"]
[Result "0-1"]
[WhiteElo "2378"]
[BlackElo "2257"]
[TimeControl "180+2"]
[EndTime "14:04:01 PDT"]
[Termination "dereito won by checkmate"]

1. d4 f5 2. c4 Nf6 3. g3 e6 4. Bg2 Be7 5. Nc3 O-O 6. Nh3 d5 7. O-O dxc4 8. e4 fxe4 9. Nxe4 Nc6 10. Nxf6+ Bxf6 11. d5 Nd4 12. dxe6 Bxe6 13. Nf4 Bf7 14. Bxb7 Rb8 15. Bg2 c5 16. Re1 Re8 17. Rxe8+ Qxe8 18. Nd5 Ne2+ 19. Kf1 Bxb2 20. Bxb2 Rxb2 21. Ne3 Nd4 22. Bd5 Bxd5 23. Nxd5 Qe4 24. Kg1 Ne2+ 25. Qxe2 Qxe2 26. Rf1 Rd2 27. Nf4 Qf3 28. h4 c3 29. Nh3 c2 30.
Ng5 Qxf2+ 31. Rxf2 c1=Q+ 32. Kg2 Rxf2+ 33. Kxf2 Qc2+ 34. Ke3 Qxa2 35. Ke4 h6 36. Nf3 Qe6+ 37. Kf4 c4 38. g4 c3 39. g5 hxg5+ 40. Nxg5 Qf6+ 41. Kg4 c2 42. Kh5 Qh6+ 43. Kg4 c1=Q 44. Nf3 Qd1 45. h5 Qxh5+ 46. Kxh5 Qxf3+ 47. Kg6 Qf6+ 48. Kh5 Qh6+ 49.
Kg4 a5 50. Kf5 a4 51. Ke4 a3 52. Kd3 a2 53. Kc2 a1=Q 54. Kb3 Qd2 55. Kc4 Qac1+ 56. Kb3 Qdb2+ 57. Ka4 Qca1# 0-1

[Event "*** Titled Tuesday Blitz"]
[Site "Chess.com"]
[Date "2018.08.07"]
[Round "5"]
[White "GMCanty"]
[Black "Titus369"]
[Result "0-1"]
[WhiteElo "2243"]
[BlackElo "2271"]
[TimeControl "180+2"]
[EndTime "14:04:02 PDT"]
[Termination "Titus369 won by resignation"]

1. e4 c5 2. c3 g6 3. d4 cxd4 4.
cxd4 d5 5. Nc3 dxe4 6. Bc4 Bg7 7.
Qb3 e6 8. d5 Nf6 9. dxe6 fxe6 10. Bxe6 Bxe6 11. Qxe6+ Qe7 12. Qxe7+ Kxe7 13. Bg5 Nc6 14.
O-O-O Rac8 15. Kb1 h6 16. Bxf6+ Bxf6 17. Nxe4 Bd4 18.
Nf3 Rhd8 19. Rhe1 Kf7 20. Rd3 Kg7 21. Red1 Bb6 22. Nd6 Rc7 23. a3 Bxf2 24. b4 a6 25. R3d2 Be3 26. Rd3 Bf2 27. Ka2 Re7 28. R1d2 Bb6 29.
Kb3 Re3 30. Rxe3 Bxe3 31. Rd3 Bf4 32. Nd4 Rxd6 33. Kc4 0-1

[Event "*** Titled Tuesday Blitz"]
[Site "Chess.com"]
[Date "2018.08.07"]
[Round "5"]
[White "Caisachess"]
[Black "cool4chess"]
[Result "1-0"]
[WhiteElo "2246"]
[BlackElo "2104"]
[TimeControl "180+2"]
[EndTime "14:04:02 PDT"]
[Termination "Caisachess won by checkmate"]

1. e4 c5 2. c3 d5 3. exd5 Qxd5 4.
d4 Nc6 5. Nf3 Bg4 6. Be2 cxd4 7.
cxd4 e6 8. Nc3 Qa5 9. O-O Bb4 10. Be3 Nge7 11. Qb3 O-O 12. a3 Bd6 13. Rfd1 a6 14. d5 exd5 15. Bb6 d4 16. Bxa5 Nxa5 17. Qb6 dxc3 18.
Qxd6 cxb2 19. Rab1 Nc8 20. Qf4 Be6 21. Rxb2 Nb3 22.
Nd4 Nxd4 23. Qxd4 Ne7 24. Rxb7 Nc6 25. Qb6 Ne5 26. Bxa6 Rfc8 27. Rc7 Rcb8 28. Rb7 Rc8 29. a4 h6 30. Qd6 Nc6 31. Bb5 Na5 32. Rc7 Rcb8 33.
Qe7 Rf8 34. f4 Nb3 35. Bc4 Bxc4 36. Rxc4 Na5 37. Rc7 Nb3 38. Rdd7 Na5 39. Qe4 Rab8 40. Qd5 Rb1+ 41. Kf2 Rb2+ 42. Kg3 Rb3+ 43. Kg4 Rb2 44.
Rxf7 Rxg2+ 45. Qxg2 Rxf7 46. Qd5 Kh7 47. Qxf7 h5+ 48.
Kxh5 Nc6 49. Qxg7# 1-0

[Event "*** Titled Tuesday Blitz"]
[Site "Chess.com"]
[Date "2018.08.07"]
[Round "5"]
[White "FearlessKing64"]
[Black "inegrepus"]
[Result "0-1"]
[WhiteElo "2235"]
[BlackElo "2187"]
[TimeControl "180+2"]
[EndTime "14:04:11 PDT"]
[Termination "inegrepus won by resignation"]

1. e4 e6 2. d4 d5 3. Nc3 dxe4 4.
Nxe4 Nd7 5. Bd3 Ngf6 6. Nf3 c5 7.
Ng3 cxd4 8. Nxd4 Bc5 9. Nf3 O-O 10. O-O b6 11. Qe2 Bb7 12. Bg5 h6 13. Bh4 g5 14.
Nxg5 hxg5 15. Bxg5 Be7 16. Nh5 Nxh5 17. Qxh5 f5 18.
Qg6+ Kh8 19. Qh6+ Kg8 20. Qxe6+ Kh8 21. Qh6+ Kg8 22. Bc4+ Rf7 23. Qg6+ Kh8 24. Bxe7 Rxe7 25.
Bf7 Qf8 26. Qh5+ Kg7 27. Bg6 Nf6 28. Qxf5 Be4 29. Qg5 Bxg6 30. f4 Ne4 31. Qd5 Rd8 32. Qb3 Red7 33. f5 Qc5+ 34. Kh1 Nf2+ 35. Rxf2 Qxf2 36.
Qc3+ Kg8 37. h3 Rd1+ 38. Rxd1 Rxd1+ 39. Kh2 Qf4+ 0-1

[Event "*** Titled Tuesday Blitz"]
[Site "Chess.com"]
[Date "2018.08.07"]
[Round "5"]
[White "Micki-taryan"]
[Black "JonahWillow"]
[Result "1/2-1/2"]
[WhiteElo "2903"]
[BlackElo "2689"]
[TimeControl "180+2"]
[EndTime "14:04:12 PDT"]
[Termination "Game drawn by repetition"]

1. b3 c5 2. Bb2 Nc6 3. e3 Nf6 4. Nf3 g6 5. c4 Bg7 6. Nc3 O-O 7. Be2 d5 8. Nxd5 Nxd5 9. Bxg7 Kxg7 10. cxd5 Qxd5 11. O-O e5 12. d3 Bg4 13. h3 Bxf3 14. Bxf3 Qd6 15. Qe2 Rfd8 16. Rfd1 Rac8 17. a3 f6 18. Qc2 b6 19. h4 Ne7 20. h5 Nf5 21. g3 Rc7 22. Kg2 Rcd7 23. Be4 Qe6 24. Rh1 Nd6 25. Bc6 Rc7 26. Bf3 Nf7 27. hxg6 hxg6 28. Rh4 Rh8 29. Rxh8 Nxh8 30. Qc4 Qxc4 31. bxc4 Nf7 32.
Bd5 Nd6 33. a4 Kf8 34. e4 Rh7 35. Rb1 Rc7 36. a5 Nc8 37. a6 Ne7 38. Bb7 Rd7 39.
Rxb6 axb6 40. a7 Rd8 41. a8=Q Rxa8 42. Bxa8 Nc8 43. f4 Nd6 44. Kf3 Kg7 45. Bd5 g5 46.
Kg4 gxf4 47. gxf4 Kg6 48. Be6 Ne8 49. Bd7 Nd6 50. Be6 Ne8 51. Bf5+ Kg7 52. Bd7 Nd6 53. Kh5 exf4 54. Kg4 Nf7 55. Kxf4 Ne5 56. Be6 Nxd3+ 57. Kf5 Ne5 58. Bd5 Nf3 59. Ke6 Nd4+ 60. Kd6 Kf8 61. Kc7 b5 62. cxb5 Nxb5+ 63. Kc6 Nd4+ 64. Kxc5 Nf3 65.
Kd6 Kg7 66. Ke6 Ne5 67. Kf5 Nd3 68. Be6 Ne5 69. Bd5 Nd3 70. Be6 Ne5 71. Bd5 1/2-1/2

[Event "*** Titled Tuesday Blitz"]
[Site "Chess.com"]
[Date "2018.08.07"]
[Round "5"]
[White "Maili15"]
[Black "Kislov_Oleg"]
[Result "0-1"]
[WhiteElo "2241"]
[BlackElo "2376"]
[TimeControl "180+2"]
[EndTime "14:04:19 PDT"]
[Termination "Kislov_Oleg won by resignation"]

1. d4 Nf6 2. c4 c5 3. d5 e5 4. Nc3 d6 5. e4 Be7 6. g3 O-O 7. Bg2 Nbd7 8. Nge2 Ne8 9. O-O g6 10. Be3 Ng7 11. Qd2 f5 12. f3 Bf6 13. Rab1 Qe7 14.
a3 b6 15. b4 Ba6 16. Nb5 Bxb5 17. cxb5 Rac8 18. Rbc1 Kh8 19. Rc2 Nh5 20. Rfc1 f4 21.
gxf4 exf4 22. Nxf4 Nxf4 23. Bxf4 Be5 24. Bxe5+ Qxe5 25.
Rf1 Rf4 26. a4 Qg5 27. a5 Ne5 28. Kh1 c4 29. axb6 axb6 30. Rc3 Rcf8 31. Ra3 Qf6 32. Qc3 Rh4 33. Kg1 Qf4 34. h3 Qg3 35. Qe1 Nxf3+ 36. Rfxf3 Qxe1+ 0-1

[Event "*** Titled Tuesday Blitz"]
[Site "Chess.com"]
[Date "2018.08.07"]
[Round "5"]
[White "Maxim_e2e4"]
[Black "ruvat"]
[Result "1/2-1/2"]
[WhiteElo "2381"]
[BlackElo "2269"]
[TimeControl "180+2"]
[EndTime "14:04:23 PDT"]
[Termination "Game drawn by repetition"]

1. e4 d6 2. d4 Nf6 3. Nc3 g6 4. Be3 Bg7 5. Qd2 c6 6. Bh6 Bxh6 7. Qxh6 Qa5 8. O-O-O b5 9. e5 dxe5 10. dxe5 Ng4 11.
Qf4 b4 12. Ne4 Qxe5 13. Qd2 O-O 14. f3 Be6 15. Ng5 Ne3 16. Nxe6 Nxf1 17. Rxf1 Qxe6 18. Kb1 c5 19. Nh3 Nc6 20. Re1 Qf6 21. Qe3 c4 22.
Nf4 Rfd8 23. h4 e5 24. Ne2 Nd4 25. h5 Rac8 26. hxg6 hxg6 27. Ng3 b3 28. Ne4 bxc2+ 29. Kc1 Qg7 30. Qg5 Ne6 31. Nf6+ Kf8 32. Qxe5 Rc5 33.
Nh7+ Kg8 34. Nf6+ Kf8 35. Nh7+ Kg8 36. Nf6+ Kf8 1/2-1/2

[Event "*** Titled Tuesday Blitz"]
[Site "Chess.com"]
[Date "2018.08.07"]
[Round "5"]
[White "Cryptochess"]
[Black "GadimbayliA"]
[Result "0-1"]
[WhiteElo "2503"]
[BlackElo "2694"]
[TimeControl "180+2"]
[EndTime "14:04:26 PDT"]
[Termination "GadimbayliA won by resignation"]

1. e4 e6 2. d4 d5 3. Nd2 c5 4. exd5 Qxd5 5. Ngf3 cxd4 6. Bc4 Qd7 7. O-O Nc6 8. Nb3 a6 9. Nbxd4 Nxd4 10. Nxd4 Qc7 11. Bb3 Bd6 12. h3 Ne7 13. Re1 O-O 14. Bg5 Ng6 15.
c3 b5 16. Qh5 Bb7 17. Rad1 Rfe8 18. Rd3 Nf4 19. Bxf4 Bxf4 20. Qg4 Be5 21. Rde3 Bxd4 22. cxd4 Rad8 23. Rg3 g6 24. h4 h5 25. Qg5 Bd5 26. Rc1 Qe7 27. Qxh5 Bxb3 28. axb3 Rxd4 29. Qe5 Rxh4 30. Rc7 Qf8 31. Qf6 Rh6 32. Rf3 Rh7 33. Ra7 Qc5 34. Rc3 Qxa7 35. Rg3 Qd7 36. Rxg6+ fxg6 37.
Qxg6+ 0-1

[Event "*** Titled Tuesday Blitz"]
[Site "Chess.com"]
[Date "2018.08.07"]
[Round "5"]
[White "evgenysharapov"]
[Black "Alopekos"]
[Result "1-0"]
[WhiteElo "2349"]
[BlackElo "2463"]
[TimeControl "180+2"]
[EndTime "14:04:26 PDT"]
[Termination "evgenysharapov won by resignation"]

1. e4 e5 2. Nf3 Nc6 3. Bb5 a6 4. Ba4 Nf6 5. O-O b5 6. Bb3 Bc5 7. Nxe5 Nxe5 8. d4 Bxd4 9. Qxd4 d6 10. c3 c5 11. Qe3 c4 12. Bc2 O-O 13. Nd2 Re8 14. Nf3 Nxf3+ 15. Qxf3 Bb7 16. Bg5 h6 17. Bxf6 Qxf6 18. Qxf6 gxf6 19. f3 f5 20. exf5 Re2 21. Rf2 Rae8 22. Kf1 Rxf2+ 23. Kxf2 Kg7 24. Rd1 d5 25. g4 Kf6 26. f4 Rg8 27. Rg1 a5 28. h4 Ke7 29. g5 h5 30. f6+ Kd6 31. Re1 Bc8 32. Re7 Rf8 33. Bd1 b4 34. Bxh5 d4 35. Bxf7 dxc3 36. bxc3 bxc3 37. Bg6 Bg4 38. h5 Bxh5 39.
Bxh5 c2 40. Re1 Rh8 41. f7 1-0

[Event "*** Titled Tuesday Blitz"]
[Site "Chess.com"]
[Date "2018.08.07"]
[Round "5"]
[White "Divertissement"]
[Black "Antifish7"]
[Result "1-0"]
[WhiteElo "2569"]
[BlackElo "2411"]
[TimeControl "180+2"]
[EndTime "14:04:35 PDT"]
[Termination "Divertissement won by resignation"]

1. e4 c5 2. Nf3 d6 3. d4 cxd4 4. Nxd4 Nf6 5. Nc3 a6 6. Be3 e6 7. Be2 Be7 8. a4 O-O 9. O-O b6 10. f4 Bb7 11. Bd3 Nbd7 12. Qf3 Nc5 13. Rae1 d5 14.
e5 Nfe4 15. Qh3 Rc8 16. Bxe4 Nxe4 17. Nxe4 dxe4 18. f5 exf5 19. Nxf5 Rxc2 20. Rd1 Qc7 21. Nxe7+ Qxe7 22. Rd7 Qxe5 23. Rxb7 Rxb2 24. Rd7 Rb3 25. Bd4 Rxh3 26. Bxe5 Rd3 27. Rxd3 exd3 28. Rd1 Rd8 29. Bc7 Rd4 30. Bxb6 Rxa4 31. Rxd3 h6 32. h3 g5 33. Rd5 Kg7 34. Ra5 Rxa5 35. Bxa5 Kf6 36. Kf2 Ke5 37. Kf3 h5 38. Bd8 f6 39. g3 Kf5 40. Ke3 Ke5 41. Bc7+ Kf5 42. Kf3 g4+ 43. hxg4+ hxg4+ 44. Ke3 Kg5 45. Ke4 f5+ 46. Kd4 Kf6 47. Bf4 Ke6 48. Kc5 1-0